 Dungeon Crawl Stone Soup version 0.20-a0-263-g81abdfb (webtiles) character file.

1548 gamerape the Shield-Bearer (level 8, -3/43 HPs)
             Began as a Vine Stalker Fighter on Dec 4, 2016.
             Was a Believer of Ru.
             Slain by an orc wizard
             ... wielding a +2 dagger of electrocution
              (8 damage)
             ... on level 7 of the Dungeon.
             The game lasted 00:19:44 (6437 turns).

gamerape the Shield-Bearer (Vine Stalker Fighter)   Turns: 6437, Time: 00:19:44

Health: -3/43      AC: 13    Str: 19    XL:     8   Next: 87%
Magic:  0/9        EV:  9    Int:  8    God:    Ru [**....]
Gold:   263        SH: 10    Dex: 11    Spells: 7/7 levels left

rFire  . . .     SeeInvis .     a - +0 flail
rCold  . . .     Gourm    .     J - +7 ring mail "Gihatini" {rPois Dex-5 Slay+4}
rNeg   . . .     Faith    .     c - +0 shield
rPois  +         Spirit   +     (no helmet)
rElec  .         Reflect  .     (no cloak)
rCorr  .         Harm     .     (no gloves)
MR     +....                    (no boots)
Stlth  +.........               E - amulet of regeneration
                                (no ring)
                                (no ring)

@: no scrolls
A: fangs 3, regeneration 1, screaming 1, magic shield, antimagic bite, no device
heal 3, rot immunity, inability to read while threatened
a: Renounce Religion


You were on level 7 of the Dungeon.
You worshipped Ru.
Ru was pleased with you.
You were not hungry.

You visited 1 branch of the dungeon, and saw 7 of its levels.
You also visited: Sewer.

You collected 263 gold pieces.

Inventory:

Hand Weapons
 a - a +0 flail (weapon)
Missiles
 w - 8 tomahawks (quivered)
Armour
 b - a +0 scale mail
 c - a +0 shield (worn)
 J - the +7 ring mail "Gihatini" (worn) {rPois Dex-5 Slay+4}
   (You found it on level 5 of the Dungeon)

   It affects your dexterity (-5).
   It affects your accuracy and damage with ranged weapons and melee attacks
   (+4).
   It protects you from poison.
 N - a +1 ring mail of fire resistance
Jewellery
 E - an amulet of regeneration (around neck)
Wands
 g - a wand of teleportation (6/9)
 C - a wand of lightning (4/15)
 F - a wand of lightning (10/15)
 G - a wand of iceblast (8/15)
 L - a wand of random effects (16/48)
Scrolls
 d - a scroll of random uselessness {unknown}
 e - a scroll of fear {unknown}
 i - a scroll of remove curse
 j - 8 scrolls of identify {unknown}
 m - 3 scrolls of teleportation {unknown}
 o - 2 scrolls of amnesia {unknown}
 q - a scroll of enchant armour {unknown}
 y - a scroll of immolation {unknown}
 B - a scroll of recharging {unknown}
 D - a scroll of blinking {unknown}
 I - a scroll of noise {unknown}
Potions
 k - 3 potions of heal wounds {unknown}
 n - a potion of mutation {unknown}
 r - 4 potions of agility {unknown}
 s - 5 potions of brilliance {unknown}
 t - 6 potions of curing
 u - 2 potions of might
 v - 3 potions of flight {unknown}
 x - a potion of ambrosia {unknown}
 z - 3 potions of cancellation {unknown}
 A - a potion of resistance {unknown}
 H - a potion of degeneration {unknown}
Comestibles
 f - 4 bread rations
 h - 3 meat rations
 l - a royal jelly
 p - 4 fruits
 M - a beef jerky


   Skills:
 * Level 5.1 Fighting
 + Level 5.5 Maces & Flails
 + Level 4.6 Armour
 + Level 1.9 Dodging
 * Level 5.7 Shields


You had 7 spell levels left.
You didn't know any spells.

Dungeon Overview and Level Annotations

Branches:
Dungeon (7/15)             Temple (0/1) D:6

Altars:
Ru
Trog
Uskayaw
Yredelemnul

Shops:
D:6 (


Innate Abilities, Weirdness & Mutations

You have razor-sharp teeth.
Your natural rate of healing is unusually fast.
You occasionally shout uncontrollably at your foes.
When hurt, damage is shared between your health and your magic reserves.
Your bite disrupts and absorbs the magic of your enemies.
Potions and wands cannot restore your health.
You are immune to rotting.
You cannot read scrolls while threatened.


Message History

You kill the orc wizard!
The orc wizard hits you but does no damage.
You are electrocuted!
You feel threatened and lose the ability to read scrolls!
The orc hits you but does no damage.
The orc wizard hits you but does no damage.
You are electrocuted!
You sock the orc wizard!
The orc wizard is heavily wounded.
The orc hits you but does no damage.
The orc wizard gestures wildly while chanting.
The orc wizard flickers and vanishes!
Deactivating autopickup; reactivate with Ctrl-A.
You hit the orc.
You kill the orc!
Something hits you but does no damage.
You are electrocuted!
* * * LOW HITPOINT WARNING * * *
You miss something. Something hits you but does no damage.
You are electrocuted!
You die...

................
..#...####.......<......
.....<......#.#..######.
....... #..<..## .......
###....## .......
#......# .......
#......# #...{##......#
#..)@.......#
#..†)#......#
#....#.###..# .........#
##.# #.##...#..# .# #
#.## ... . #/ #.## #. .#


There were no monsters in sight!

Vanquished Creatures
  Sigmund (D:4)
  A phantom (D:6)
  An ice beast (D:6)
  An ogre (D:4)
  A big kobold (Sewer)
  A bullfrog (D:5)
  A wyvern zombie (D:6)
  A scorpion (D:5)
  2 crimson imps (D:6)
  2 bullfrog zombies
  A gnoll shaman (D:5)
  4 orc priests
  2 hounds
  4 orc wizards
  A centaur skeleton (D:5)
  A worker ant (D:4)
  A hound skeleton (D:5)
  A worker ant zombie (D:6)
  5 gnolls (D:5)
  10 adders
  4 river rats (Sewer)
  A shadow imp (D:6)
  2 oozes
  4 worms
  6 dart slugs
  9 leopard geckos
  11 orcs
  5 giant cockroaches
  8 goblins
  5 hobgoblins
  A jackal (D:3)
  23 kobolds
  5 quokkas
  7 ball pythons
  8 bats
  9 frilled lizards
  A jackal skeleton (D:4)
  A quokka skeleton (D:3)
  33 rats
185 creatures vanquished.

Notes
Turn   | Place    | Note
-------+----------+-------------------------------------------
     0 | D:1      | gamerape the Vine Stalker Fighter began the quest for the Orb.
     0 | D:1      | Reached XP level 1. HP: 11/11 MP: 2/2
   103 | D:1      | Reached XP level 2. HP: 16/16 MP: 1/3
   669 | D:1      | You fall through a shaft!
   669 | D:2      | Found a bloodstained altar of Trog.
   728 | D:1      | Reached XP level 3. HP: 3/20 MP: 2/4
  1746 | D:2      | Gained mutation: Your natural rate of healing is unusually fast. [Vine Stalker growth]
  1746 | D:2      | Reached XP level 4. HP: 23/24 MP: 5/5
  2221 | D:3      | Reached XP level 5. HP: 24/28 MP: 4/6
  2320 | D:3      | Found a glowing drain.
  2327 | Sewer    | Entered a sewer
  2452 | Sewer    | Noticed a big kobold
  2466 | Sewer    | Killed a big kobold
  2466 | Sewer    | Reached skill level 1 in Dodging
  2466 | Sewer    | Reached XP level 6. HP: 14/33 MP: 5/7
  2943 | D:3      | Found a sacrificial altar of Ru.
  2962 | D:3      | Became a worshipper of Ru the Awakened
  3618 | D:4      | Found a hide-covered altar of Uskayaw.
  3624 | D:4      | Noticed a hand axe
  3625 | D:4      | Noticed a hand axe
  3946 | D:4      | Noticed Sigmund
  4068 | D:4      | Gained mutation: You occasionally shout uncontrollably at your foes. [Ru sacrifice]
  4356 | D:4      | Killed Sigmund
  4356 | D:4      | Reached XP level 7. HP: 34/37 MP: 8/8
  4687 | D:5      | Entered Level 5 of the Dungeon
  4813 | D:5      | Gained mutation: You have razor-sharp teeth. [Vine Stalker growth]
  4813 | D:5      | Reached XP level 8. HP: 33/42 MP: 9/9
  4872 | D:5      | Reached skill level 5 in Shields
  5083 | D:5      | Got a jewelled ring mail
  5094 | D:5      | Identified the +7 ring mail "Gihatini" {rPois Dex-5 Slay+4} (You found it on level 5 of the Dungeon)
  5242 | D:5      | Found a basalt altar of Yredelemnul.
  5565 | D:6      | Reached skill level 5 in Maces & Flails
  5607 | D:6      | Found a staircase to the Ecumenical Temple.
  6157 | D:6      | Reached skill level 5 in Fighting
  6233 | D:6      | Gained mutation: You cannot read scrolls while threatened. [Ru sacrifice]
  6233 | D:6      | Reached * piety under Ru
  6233 | D:6      | Reached ** piety under Ru
  6264 | D:6      | Found Nennoxza's Weapon Emporium.
  6437 | D:7      | Slain by an orc wizard

Vault maps used:
D:1:      erik_arrival_cave_to_civilisation
D:2:      bloody_trog
D:3:      wad_river_or_something, overflow_temple_1_default, first_bread,
          gup_sewer_entry_bubbles, kennysheep_decorative_pillar
D:4:      dancing_weapons_uskayaw, uniq_sigmund
D:5:      yredelemnul_altar_generic
D:6:      serial_shops, shop, nrook_pool_corridor
Sewer:    sewer_minmay_treatment

Skill      XL: |  1  2  3  4  5  6  7  8 |
---------------+-------------------------+-----
Shields        | 3 4 5 |  5.7
Fighting       | 3 4 5 |  5.1
Maces & Flails | 2 3 4 5 |  5.5
Armour         | 3 4 |  4.6
Dodging        | 1 |  1.9

Action                   |  1- 3 |  4- 6 |  7- 9 || total
-------------------------+-------+-------+-------++-------
Melee: Flail             |   106 |   347 |   149 ||   602
       Bite              |    31 |    96 |    51 ||   178
Invok: Sacrifice Purity  |       |     1 |       ||     1
       Sacrifice Words   |       |       |     1 ||     1
  Use: Potion            |     2 |       |       ||     2
       Scroll            |       |     1 |       ||     1
  Eat: Chunk             |     3 |     8 |     6 ||    17
       Pizza             |       |     1 |       ||     1
Armor: Scale mail        |    50 |   148 |     9 ||   207
       Ring mail         |       |       |    29 ||    29
Dodge: Dodged            |    29 |   120 |    49 ||   198
Block: Shield            |    57 |   186 |    55 ||   298
